 Dungeon Crawl Stone Soup version 0.31.0-11-ge490571c62 (webtiles) character file.

Game seed: 138646570454508

546 Loverdose the Chopper (level 7, -2/61 HPs)
             Began as a Minotaur Fighter on Jan 29, 2024.
             Killed from afar by a steam dragon (15 damage)
             ... with a ball of steam
             ... on level 5 of the Dungeon.
             The game lasted 00:14:03 (3789 turns).

Loverdose the Chopper (Minotaur Fighter)            Turns: 3789, Time: 00:14:04

Health: -2/61      AC:  8    Str: 22    XL:     7   Next: 6%
Magic:  6/6        EV:  9    Int:  5    God:
Gold:   60         SH:  5    Dex: 10    Spells: 6/6 levels left

rFire   . . .        a - +0 war axe
rCold   . . .        c - +0 buckler
rNeg    . . .        b - +0 scale mail
rPois   .            (helmet restricted)
rElec   .            (no cloak)
rCorr   .            m - +0 pair of gloves
SInv    .            (no boots)
Will    .....        (no amulet) Stlth
                     o - ring of flight
HPRegen 0.30/turn    (no ring)
MPRegen 0.10/turn

%: no passive effects
@: flying
A: horns 2, retaliatory headbutt
a: no special abilities


You were on level 5 of the Dungeon.
You visited 1 branch of the dungeon, and saw 5 of its levels.
You also visited: Sewer.

You collected 203 gold pieces.
You spent 143 gold pieces at shops.

Inventory:

Hand Weapons
 a - a +0 war axe (weapon)
Armour
 b - a +0 scale mail (worn)
 c - a +0 buckler (worn)
 m - a +0 pair of gloves (worn)
Jewellery
 o - a ring of flight (left hand)
Wands
 k - a wand of flame (13)
Scrolls
 g - 5 scrolls of teleportation
 h - 2 scrolls of fear
 i - a scroll of blinking {unknown}
 p - 3 scrolls of poison
 q - 4 scrolls of identify
 r - a scroll of amnesia {unknown}
 s - a scroll of immolation {unknown}
 t - 2 scrolls of enchant armour {unknown}
 u - a scroll of summoning {unknown}
Potions
 d - 2 potions of might
 e - a potion of magic {unknown}
 f - a potion of mutation
 j - 3 potions of curing
 l - a potion of enlightenment {unknown}
 n - a potion of brilliance {unknown}


   Skills:
 + Level 5.4 Fighting
 * Level 6.1 Axes
 + Level 5.3 Armour
 + Level 5.4 Shields


You had 6 spell levels left.
You didn't know any spells.
Your spell library contained the following spells:

 Spells                   Type           Power      Damage    Failure   Level
 Call Imp                 Summ           0%         N/A       94%         2
 Mercury Vapours          Alch/Air       0%         N/A       94%         2
 Sublimation of Blood     Necr           0%         N/A       94%         2
 Call Canine Familiar     Summ           0%         N/A       99%         3
 Dazzling Flash           Conj/Hex       0%         N/A       99%         3
 Mephitic Cloud           Conj/Alch/Air  0%         N/A       99%         3
 Summon Ice Beast         Ice/Summ       0%         N/A       99%         3
 Volatile Blastmotes      Fire/Tloc      0%         2d10      99%         3
 Petrify                  Alch/Erth      0%         N/A       100%        4
 Summon Lightning Spire   Summ/Air       0%         N/A       100%        4
 Freezing Cloud           Conj/Ice/Air   0%         6-21      100%        5
 Irradiate                Conj/Alch      0%         3d11      100%        5
 Starburst                Conj/Fire      0%         6d3       100%        6
 Summon Hydra             Summ           0%         N/A       100%        7
 Maxwell's Capacitive Co  Air            0%         ∞         100%        8
 Dragon's Call            Summ           0%         N/A       100%        9


Dungeon Overview and Level Annotations

Branches:
Dungeon (5/15)              Sewer (visited)
 Temple: D:4-7

Altars:
Vehumet
The Shining One

Shops:
D:5 ?


Innate Abilities, Weirdness & Mutations

You have a pair of horns on your head.
You reflexively headbutt those who attack you in melee.


Message History

Ijyb is severely wounded.
You closely miss the +1 spectral club.
Ijyb zaps a wand.
The roots erupt in riotous growth!
The grasping roots grab you!
Ijyb is unaffected.
The grasping roots constrict you.
You closely miss Ijyb. Your headbutt misses Ijyb.
Ijyb is severely wounded.
You hit the +1 spectral club.
Ijyb shares her spectral weapon's damage!
The +1 spectral club disappears.
Ijyb hits you with a +1 spectral club. The +1 spectral club hits you.
The grasping roots constrict you.
A +1 spectral club comes into view.
You barely miss Ijyb.
Ijyb is severely wounded.
You hit the +1 spectral club.
Ijyb shares her spectral weapon's damage!
Ijyb hits you but does no damage.
You block the +1 spectral club's attack.
The grasping roots constrict you. Ijyb barely misses you.
The +1 spectral club hits you. The grasping roots constrict you.
You hit Ijyb but do no damage.
Ijyb is severely wounded.
You miss the +1 spectral club. Ijyb hits you with a +1 spectral club.
The +1 spectral club hits you. The grasping roots constrict you.
The grasping roots release their grip on you.
You slash Ijyb!
You kill Ijyb!
The +1 spectral club disappears.
A steam dragon comes into view.
u - a scroll labelled GUEMOJEUM YLOU The steam dragon hisses angrily.
The steam dragon breathes steam at you. The ball of steam hits you!
You are engulfed in a cloud of scalding steam.
* * * LOW HITPOINT WARNING * * *
You are engulfed in a cloud of scalding steam.
* * * LOW HITPOINT WARNING * * *
The steam dragon breathes steam at you. The ball of steam hits you!
You die...

##...##....D...#.#...#.#
#.D..##........#§#.#.#.#
...............#D#.#.#.#
...............#.#.#.#.#
.#.............#.#.#.#.######
.......#########.#............
.............###§#.###.#######
.###......##..##§#.....# .#
#.....~##....@.###### .#
#~~^.P.##......# .#
#.≈P.~###......# ## ##...~#
#......# .# #~..^#..........
.#####...#...########
.....#...#.... #....#~..#...
####.#..≈#


There were no monsters in sight!

Vanquished Creatures
  A black bear (D:4)
  A scorpion (D:5)
  A howler monkey (D:4)
  2 bombardier beetles (D:5)
  2 sleepcaps (D:5)
  Ijyb (D:5)
  An orc wizard (D:5)
  6 adders
  A river rat (Sewer)
  2 white imps (D:5)
  3 dart slugs
  6 orcs
  18 ball pythons
  6 endoplasms
  5 giant cockroaches
  9 goblins
  7 hobgoblins
  12 jackals
  2 quokkas
  7 bats
  4 frilled lizards
  6 kobolds
  7 rats
110 creatures vanquished.

Notes
Turn   | Place    | Note
-------+----------+-------------------------------------------
     0 | D:1      | Loverdose the Minotaur Fighter began the quest for the Orb.
     0 | D:1      | Reached XP level 1. HP: 19/19 MP: 0/0
    92 | D:1      | Reached XP level 2. HP: 27/27 MP: 1/1
    96 | D:1      | Reached skill level 3 in Axes
   395 | D:1      | Reached XP level 3. HP: 33/33 MP: 2/2
   417 | D:1      | Found a faded altar of an unknown god.
  1024 | D:2      | Found the +18 Lear's hauberk
  1108 | D:2      | Reached XP level 4. HP: 40/40 MP: 3/3
  1415 | D:3      | Found a glowing drain.
  1430 | Sewer    | Entered a sewer
  1454 | Sewer    | Reached skill level 4 in Axes
  1542 | Sewer    | Noticed a brain worm
  1727 | D:3      | Found a radiant altar of Vehumet.
  1950 | D:3      | Got Ycsuijim's Discourse on Illusion
  2583 | D:4      | Found a glowing golden altar of the Shining One.
  2794 | D:4      | Reached XP level 5. HP: 41/47 MP: 4/4
  2905 | D:5      | Entered Level 5 of the Dungeon
  3000 | D:5      | Reached skill level 5 in Axes
  3033 | D:4      | Reached XP level 6. HP: 51/55 MP: 5/5
  3074 | D:4      | Reached skill level 5 in Shields
  3076 | D:4      | Reached skill level 5 in Fighting
  3076 | D:4      | Reached skill level 5 in Armour
  3581 | D:5      | Found Cuinuf's Magic Scroll Shop.
  3590 | D:5      | Bought a scroll of identify for 22 gold pieces
  3590 | D:5      | Bought a scroll of identify for 22 gold pieces
  3590 | D:5      | Bought a scroll of identify for 22 gold pieces
  3590 | D:5      | Bought a scroll of fear for 44 gold pieces
  3590 | D:5      | Bought a scroll of teleportation for 33 gold pieces
  3710 | D:5      | Reached skill level 6 in Axes
  3710 | D:5      | Reached XP level 7. HP: 58/61 MP: 6/6
  3730 | D:5      | Noticed Ijyb
  3739 | D:5      | Killed Ijyb
  3768 | D:5      | Noticed a steam dragon
  3789 | D:5      | Killed from afar by a steam dragon

Illustrated notes

Levels and vault maps discovered:
D:1:      onia_arrival_handbag, layout_basic, basic_ecumenical_altar
D:2:      layout_basic, minmay_shallow_snake_nest
D:3:      layout_basic, vehumet_altar_wand_db, cheibrodos_sewer_entry_drain
D:4:      layout_basic, tso_oasis_becter
D:5:      kennysheep_steamy, layout_basic, kennysheep_little_box, serial_shops,
          shop, uniq_ijyb

Skill      XL: |  1  2  3  4  5  6 |
---------------+-------------------+-----
Axes           | 3 4 5 6 |  6.1
Armour         | 4 5 |  5.3
Shields        | 4 5 |  5.4
Fighting       | 4 5 |  5.4

Action                     |  1- 3 |  4- 6 |  7- 9 || total
---------------------------+-------+-------+-------++-------
  Melee: War axe           |    90 |   154 |     6 ||   250
         Headbutt          |    11 |    19 |       ||    30
    Use: Scroll            |     1 |     3 |       ||     4
         Potion            |       |     1 |       ||     1
 Armour: Scale mail        |    73 |   185 |    12 ||   270
  Dodge: Dodged            |    59 |   100 |     1 ||   160
  Block: Buckler           |    33 |    49 |     3 ||    85
